AoeStats
← Lord San

Golden Pit

510049176Analyzed
1v1 RM · 3d ago on Sep 29, 2026· 39m 40s· 2 players
Game mode
Random Map
Map size
Tiny (2 player)
Population
200
Speed
Normal
Resources
Standard
Victory
Conquest
Starting age
Dark Age
Ending age
Imperial Age
RankedLock teamsTeams togetherTeam positionsShared explorationLock speedFull tech treeHidden civsTurbo modeCheats
Victory
Defeat
🇫🇷 Magyars · France
1681
+9
🇦🇷 Varangians · Argentina
1511
-9
Le Stratège
9:20 Loom
11:05 Feudal Age
16:22 Castle Age
17:52 Double-Bit Axe
28:18 Fletching
30:13 Husbandry
31:57 Bodkin Arrow
34:35 Ballistics
35:21 Bloodlines
36:26 Thumb Ring
39:05 Scale Barding Armor
Lord San
6:29 Loom
8:50 Feudal Age
10:07 Double-Bit Axe
10:59 Horse Collar
13:56 Town Watch
17:54 Forging
19:03 Bloodlines
19:56 Scale Barding Armor
20:34 Wheelbarrow
23:39 Castle Age
21:46 Stone Mining
21:47 Gold Mining
24:57 Husbandry
33:00 Man-at-Arms
36:03 Chain Barding Armor
Connection lost

Rejoining the realm…

Still unreachable

The connection could not be restored.

Session expired

The server has moved on; the page needs a fresh start.